AoeStats
← MZTK | JONVI

Arena

507366708Analyzed
2v2 RM · 14d ago on Sep 17, 2026· 41m 50s· 4 players
Game mode
Random Map
Map size
Medium (4 player)
Population
200
Speed
Normal
Resources
Standard
Victory
Conquest
Starting age
Dark Age
Ending age
Imperial Age
RankedLock teamsTeams togetherTeam positionsShared explorationLock speedFull tech treeHidden civsTurbo modeCheats
Victory
Defeat
🇵🇪 Burgundians · Peru
1391
+11
🇵🇪 Portuguese · Peru
1234
+18
🇪🇸 Lithuanians · Spain
1390
-19
🇪🇸 Spanish · Spain
1162
-10
Nitroshots
10:09 Feudal Age
10:52 Feudal Age
13:08 Double-Bit Axe
15:41 Castle Age
17:31 Bow Saw
26:08 Horse Collar
27:35 Wheelbarrow
31:09 Imperial Age
28:26 Loom
29:30 Hand Cart
29:41 Gold Mining
29:42 Stone Mining
29:14 Pikeman
29:57 Scale Mail Armor
31:38 Heavy Plow
32:00 Forging
32:05 Chain Mail Armor
32:23 Fletching
33:36 Conscription
32:53 Halberdier
34:38 Iron Casting
34:33 Plate Mail Armor
37:09 Chemistry
37:27 Siege Engineers
38:37 Blast Furnace
38:07 Plate Mail Armor
40:26 Arquebus
Ellocou
3:10 Double-Bit Axe
11:19 Feudal Age
15:34 Castle Age
13:45 Bow Saw
13:39 Horse Collar
14:18 Heavy Plow
15:39 Light Cavalry
17:31 Two-Man Saw
17:32 Loom
18:22 Husbandry
27:25 Wheelbarrow
27:42 Gold Mining
31:25 Imperial Age
29:57 Hand Cart
31:10 Gold Shaft Mining
30:49 Scale Mail Armor
30:59 Forging
30:42 Pikeman
31:21 Fletching
31:24 Town Watch
32:10 Masonry
33:47 Chemistry
34:30 Architecture
36:37 Chain Mail Armor
38:29 Bodkin Arrow
40:00 Capped Ram
40:41 Padded Archer Armor
MZTK | JONVI
10:48 Feudal Age
13:17 Loom
16:13 Castle Age
15:14 Double-Bit Axe
19:53 Padded Archer Armor
19:46 Fletching
21:39 Leather Archer Armor
23:54 Town Watch
31:08 Imperial Age
30:00 Bow Saw
32:17 Horse Collar
38:07 Elite Conquistador
40:38 Chemistry
40:00 Redemption
41:08 Ring Archer Armor
firefighter25
10:06 Feudal Age
14:06 Castle Age
21:21 Double-Bit Axe
24:11 Scale Barding Armor
25:34 Wheelbarrow
27:06 Forging
28:17 Chain Barding Armor
29:18 Bow Saw
31:23 Iron Casting
30:50 Loom
30:51 Town Watch
34:54 Imperial Age
33:24 Bloodlines
33:14 Husbandry
33:27 Elite Skirmisher
34:33 Padded Archer Armor
34:23 Fletching
36:41 Chemistry
36:01 Ballistics
37:05 Leather Archer Armor
Connection lost

Rejoining the realm…

Still unreachable

The connection could not be restored.

Session expired

The server has moved on; the page needs a fresh start.